Description

An extremely risky build order concept from HotS that can be used against Protoss. ByuN implemented the CC First 3 Barracks strategy better than any other player I have seen so far, so here it is.

Replay - ByuN v Dear: Game 1 - Frost LE

Build Order

Why is there no SALT encoding or Overwolf build?

  14    Supply Depot  
  17  1:00  Command Center  
  18  1:15  Barracks  
  19  1:20  Refinery  
  20  1:35  Barracks  
  22    Marine   Keep producing from all rax
  23  2:05  Orbital Command  
  23  2:10  Orbital Command  
  23    Barracks Reactor   @100% Rax
  23    Barracks Tech Lab   @100% Rax
  23    Barracks   @150 Minerals
  23    Refinery  
      Stimpack   @100% Tech Lab
      Supply Depot  
    3:15  Engineering Bay  
      Barracks Reactor  
      Supply Depot  
    3:40  Factory  
      Missile Turret  
      Terran Infantry Weapons Level 1  
      Starport   @100% Factory
      Factory Reactor  
      Combat Shields   @100% Stimpack
      Refinery  
      Medivac  
      Medivac  
Spawning Tool Build Advisor. Get it on Overwolf

Analysis

This risky nature of this build pays off as the Terran's economic gamble will be rewarded with faster production, and more army units due to a stronger economy. If the Protoss does not punish you for going CC First, most likely, Terran should be able to roll through the Protoss and deny the third with sheer numbers. An important timing to hit with this build order should you survive any early aggression Protoss can throw at you is the Stimpack timing with a bunch of Marines. If used correctly, can trade extremely efficiently with Stalkers before Blink finishes.

Go to:

Details

  • Created by: legend
  • Published on: Nov 29, 2016
  • Modified on: Dec 13, 2016
  • Patch: 3.8.0
Show

Export as new Build Order

Comments (3)

On March 15, 2018, 11:25 p.m., pipizi  said:

that's good

On Dec. 3, 2016, 9:34 p.m., legend  said:

@MrGrizzle Fixed

On Dec. 3, 2016, 10:58 a.m., MrGrizzle  said:

You missed out the factory... when is it?

Create an account to comment!